 Dungeon Crawl Stone Soup version 0.30-a0-586-g23e55c9e0a (webtiles) character file.

Game seed: 10333991670441045751

289 Citaku the Trooper (level 6, 0/56 HPs)
             Began as a Minotaur Fighter on Jan 3, 2023.
             Slain by a gnoll
             ... wielding a +0 whip
              (5 damage)
             ... on level 3 of the Dungeon.
             The game lasted 00:03:37 (2434 turns).

Citaku the Trooper (Minotaur Fighter)               Turns: 2434, Time: 00:03:38

Health: 0/56       AC:  7    Str: 23    XL:     6   Next: 9%
Magic:  5/5        EV:  9    Int:  5    God:
Gold:   83         SH:  4    Dex:  9    Spells: 5/5 levels left

rFire   . . .      SeeInvis .    a - +0 war axe
rCold   . . .      Faith    .    c - +0 buckler
rNeg    . . .      Spirit   .    b - +0 scale mail
rPois   .          Reflect  .    (helmet restricted)
rElec   .          Harm     .    (no cloak)
rCorr   .          Rampage  .    (no gloves)
Will    .....                    (no boots) Stlth
                                 (no amulet)
HPRegen 0.29/turn                (no ring)
MPRegen 0.09/turn                (no ring)

@: no status effects
A: horns 2, retaliatory headbutt
a: no special abilities


You were on level 3 of the Dungeon.
You visited 1 branch of the dungeon, and saw 3 of its levels.

You collected 83 gold pieces.

Inventory:

Hand Weapons
 a - a +0 war axe (weapon)
Armour
 b - a +0 scale mail (worn)
 c - a +0 buckler (worn)
Jewellery
 j - a ring of magical power
Scrolls
 e - a scroll of identify {unknown}
 f - a scroll of blinking {unknown}
 h - a scroll of noise {unknown}
 i - a scroll of poison {unknown}
 l - a scroll of fear {unknown}
 m - a scroll of immolation {unknown}
 n - a scroll of fog {unknown}
 o - a scroll of teleportation {unknown}
Potions
 d - 2 potions of might
 g - 3 potions of magic {unknown}
 k - 2 potions of curing {unknown}


   Skills:
 + Level 5.2 Fighting
 + Level 4.4 Axes
 + Level 5.1 Armour
 + Level 5.1 Shields


You had 5 spell levels left.
You didn't know any spells.
Your spell library contained the following spells:

 Spells                   Type           Power      Damage    Failure   Level
 Ozocubu's Armour         Ice            0%         N/A       99%         3
 Ozocubu's Refrigeration  Ice            0%         4d7       100%        7


Dungeon Overview and Level Annotations

Branches:
Dungeon (3/15)

Altars:


Innate Abilities, Weirdness & Mutations

You have a pair of horns on your head.
You reflexively headbutt those who attack you in melee.


Message History

The gnoll hits you but does no damage.
You hit the gnoll. Your headbutt misses the gnoll.
The gnoll is lightly wounded.
The gnoll hits you from afar with a +0 spear. 2 gnolls come into view.
A gnoll is wielding a +0 whip of electrocution.
The gnoll shouts! x2
The gnoll hits you with a +0 whip. The gnoll hits you but does no damage.
You closely miss the gnoll. You headbutt the gnoll.
The gnoll is heavily wounded.
You closely miss the gnoll. x2; The gnoll hits you with a +0 whip.
You block the gnoll's attack. The gnoll hits you with a +0 flail.
You closely miss the gnoll. Your headbutt misses the gnoll.
The gnoll is heavily wounded.
You slash the gnoll! You hit the gnoll but do no damage.
You block the gnoll's attack. x2; The gnoll hits you with a +0 whip.
You barely miss the gnoll.
The gnoll is heavily wounded.
You completely miss the gnoll. You hit the gnoll.
The gnoll hits you with a +0 spear. The gnoll completely misses you.
You furiously retaliate!
You headbutt the gnoll!
You kill the gnoll!
The gnoll hits you with a +0 whip. The gnoll hits you but does no damage.
The gnoll closely misses you. You furiously retaliate!
You headbutt the gnoll.
You kill the gnoll!
The gnoll attacks as you move away! You block the gnoll's attack.
The gnoll hits you with a +0 whip. The gnoll attacks as you move away!
You block the gnoll's attack. The gnoll hits you with a +0 whip.
* * * LOW HITPOINT WARNING * * *
The gnoll attacks as you move away! The gnoll hits you but does no damage.
You are electrocuted!
* * * LOW HITPOINT WARNING * * *
You slash the gnoll!
The gnoll is severely wounded.
The gnoll barely misses you.
You closely miss the gnoll.
The gnoll is severely wounded.
The gnoll hits you with a +0 whip.
You die...

#######.# ..#
#.......# ...
#.####### #.#
#.# #.#
####### #.#
#.....# #.#
#.###.### #.#
#.#@gg.)#
#.###.#####)#
#.....# .#
####### .# .#
.# .# ##


You could see 2 gnolls.

Vanquished Creatures
  Sigmund (D:2)
  Natasha (D:2)
  3 adders
  2 gnolls (D:3)
  A worm (D:2)
  3 dart slugs
  8 bats
  An endoplasm (D:1)
  2 giant cockroaches
  6 goblins
  2 hobgoblins
  4 quokkas
  6 ball pythons
  4 frilled lizards
  4 kobolds
  2 rats
50 creatures vanquished.

Notes
Turn   | Place    | Note
-------+----------+-------------------------------------------
     0 | D:1      | Citaku the Minotaur Fighter began the quest for the Orb.
     0 | D:1      | Reached XP level 1. HP: 19/19 MP: 0/0
   175 | D:1      | Reached XP level 2. HP: 27/27 MP: 1/1
   601 | D:1      | Reached XP level 3. HP: 29/33 MP: 2/2
  1734 | D:2      | Reached XP level 4. HP: 41/41 MP: 3/3
  1781 | D:2      | Identified the +3 spear "Leviticus" {vamp, rN+ Str-5 Dex+2
                  | SInv}
  1938 | D:2      | Noticed Sigmund
  1948 | D:2      | Killed Sigmund
  1949 | D:2      | Reached skill level 5 in Fighting
  1949 | D:2      | Reached skill level 5 in Armour
  1949 | D:2      | Reached skill level 5 in Shields
  1949 | D:2      | Reached XP level 5. HP: 34/48 MP: 4/4
  2006 | D:2      | Noticed Natasha
  2012 | D:2      | Killed Natasha
  2311 | D:3      | Reached XP level 6. HP: 52/56 MP: 5/5
  2434 | D:3      | Slain by a gnoll

Illustrated notes

Levels and vault maps discovered:
D:1:      saegor_arrival_simple_e, layout_basic, glass_columns_a,
          minmay_pentomino_v2
D:2:      layout_basic, chequers_avenue, due_unseen_surprise, uniq_natasha,
          uniq_sigmund
D:3:      layout_basic, slow_altar_2, dk_yredelemnul_ordeal, grunt_ministairs_2,
          nicolae_titane, uniq_grinder

Skill      XL: |  1  2  3  4 |
---------------+-------------+-----
Armour         | 4 5 |  5.1
Shields        | 4 5 |  5.1
Fighting       | 4 5 |  5.2
Axes           | 3 4 |  4.4

Action                   |  1- 3 |  4- 6 || total
-------------------------+-------+-------++-------
Melee: War axe           |    88 |    33 ||   121
       Headbutt          |     9 |     2 ||    11
Armor: Scale mail        |    51 |    21 ||    72
Dodge: Dodged            |    67 |    13 ||    80
Block: Buckler           |    22 |    11 ||    33

Table legend: (Time is in decaauts)
 A = Elapsed time spent in this place.
 B = Non-inter-level travel time spent in this place.
 C = Inter-level travel time spent in this place.
 D = Time resting spent in this place.
 E = Time spent auto-exploring this place.
 F = Levels seen in this place.
 G = Mean time per level.
                   A        B        C        D        E       F      G
               +--------+--------+--------+--------+--------+-----+--------+
         Total |   2483 |   2483 |      0 |      0 |   1853 |   3 |  827.7 |
       Dungeon |   2483 |   2483 |      0 |      0 |   1853 |   3 |  827.7 |
               +--------+--------+--------+--------+--------+-----+--------+

Top non-repeatable levels by time:
     D:2: 1218 daAuts
     D:1: 1111 daAuts
     D:3: 154 daAuts
